 Dungeon Crawl Stone Soup version 0.16.1-4-g8e1b745 (webtiles) character file.

204 Psiweapon the Ruffian (level 5, -1/48 HPs)
             Began as a Troll Warper on Mar 27, 2015.
             Slain by a gnoll (7 damage)
             ... on level 3 of the Dungeon.
             The game lasted 00:07:56 (2360 turns).

Psiweapon the Ruffian (Troll Warper)                Turns: 2360, Time: 00:07:57

Health: -1/48      AC:  5    Str: 19    XL:     5   Next: 52%
Magic:  4/4        EV:  9    Int: 10    God:
Gold:   109        SH:  0    Dex:  9    Spells: 2 memorised, 3 levels left

rFire  . . .     SeeInvis .       - Unarmed
rCold  . . .     Clarity  +     b - +0 robe
rNeg   . . .     SustAb   .     (shield restricted)
rPois  .         Gourm    +     (helmet restricted)
rElec  .         Spirit   .     (no cloak)
rCorr  .         Warding  .     (gloves unavailable)
rMut   .         Stasis   .     (boots unavailable)
MR     .....                    r - amulet of clarity
Stlth  +.........               (no ring)
                                (no ring)

@: not resistant to hostile enchantments, very unstealthy
A: unfitting armour, claws 3, fast metabolism 3, gourmand, regeneration 2,
shaggy fur 1, tough skin 2
a: no special abilities


You were on level 3 of the Dungeon.
You were completely stuffed.

You visited 1 branch of the dungeon, and saw 3 of its levels.

You collected 109 gold pieces.

Inventory:

Missiles
 e - 5 tomahawks of dispersal (quivered)
 m - 58 bolts
 u - 5 silver tomahawks
Armour
 b - a +0 robe (worn)
Jewellery
 r - an amulet of clarity (around neck)
Scrolls
 d - a scroll of blinking
 g - 2 scrolls of recharging {unknown}
 i - 2 scrolls of teleportation {unknown}
 n - a scroll of fog {unknown}
 o - 5 scrolls of remove curse {unknown}
 s - a scroll of immolation {unknown}
Potions
 f - a potion of ambrosia {unknown}
 h - a potion of haste {unknown}
 j - 4 potions of might {unknown}
 l - a potion of curing {unknown}
 v - a potion of cure mutation {unknown}
Books
 c - a book of Spatial Translocations

   Spells                             Type                      Level
   a - Apportation                    Translocation                1
   b - Blink                          Translocation                2
   c - Shroud of Golubria             Charms/Translocation         2
   d - Portal Projectile              Translocation                3
   e - Teleport Other                 Translocation                3
   f - Passage of Golubria            Translocation                4
Comestibles
 a - 6 meat rations
 k - 7 fruits
 p - 2 bread rations
 q - 10 chunks of flesh
 t - 2 beef jerkies


   Skills:
 - Level 1.5 Fighting
 - Level 0.8 Throwing
 - Level 0.7 Armour
 - Level 1.5 Dodging
 + Level 5.8 Unarmed Combat
 - Level 1.2 Spellcasting
 - Level 2.1 Translocations


You had 3 spell levels left.
You knew the following spells:

 Your Spells              Type           Power        Failure   Level  Hunger
a - Apportation           Tloc           #.........   14%         1    ##.....
b - Blink                 Tloc           N/A          21%         2    ###....


Dungeon Overview and Level Annotations

Branches:
Dungeon (3/15)

Altars:
Dithmenos
Elyvilon
Fedhas
Kikubaaqudgha
Sif Muna
Vehumet
Zin


Innate Abilities, Weirdness & Mutations

You are too large for most types of armour.
You have claws for hands.
Your metabolism is lightning-fast.
You like to eat raw meat.
You heal very quickly.
You are covered in fur (AC +1).
You have very tough skin (AC +2).


Message History

The gnoll hits you with a halberd!
A jackal comes into view.
You closely miss the gnoll. The gnoll closely misses you.
The gnoll hits you with a halberd.
You closely miss the gnoll. The gnoll hits you.
You barely miss the gnoll. The gnoll closely misses you. The gnoll hits you.
You closely miss the gnoll. The gnoll hits you.
The gnoll hits you with a halberd!
* * * LOW HITPOINT WARNING * * *
You scratch the gnoll but do no damage. The gnoll hits you.
* * * LOW HITPOINT WARNING * * *
You scratch the gnoll.
The gnoll begins to bleed from its wounds!
The gnoll is lightly wounded.
The gnoll hits you but does no damage. The gnoll hits you.
* * * LOW HITPOINT WARNING * * *
You scratch the gnoll but do no damage.
The gnoll is lightly wounded.
The gnoll barely misses you. The gnoll hits you!
You die...

..#.......
#####.# ..#......
...#.# .........
#####.#.# .....
...
#.....).#########
...... .
#.###.#..........
......
#.###.#.#########
..... #.....#.#
... ##.########.#
#...hg@.....#
####.g#######
..... ≈≈≈≈...
≈≈≈≈... ≈≈≈...
..... #+++


You could see 2 gnolls and a jackal.

Vanquished Creatures
  An orc priest (D:3)
  A jelly (D:3)
  A hound (D:3)
  2 adders (D:2)
  A giant mite (D:2)
  A worm (D:2)
  2 giant geckos (D:1)
  5 orcs (D:3)
  9 bats
  7 giant cockroaches
  11 hobgoblins
  7 giant newts
  10 goblins
  4 jackals
  11 kobolds
  A quokka (D:3)
  7 rats
81 creatures vanquished.

Notes
Turn   | Place    | Note
--------------------------------------------------------------
     0 | D:1      | Psiweapon, the Troll Warper, began the quest for the Orb.
     0 | D:1      | Reached XP level 1. HP: 19/19 MP: 2/2
    72 | D:1      | Reached XP level 2. HP: 27/27 MP: 2/2
   153 | D:1      | Reached skill level 3 in Unarmed Combat
   423 | D:1      | Learned a level 2 spell: Blink
   569 | D:1      | Reached XP level 3. HP: 29/33 MP: 3/3
  1301 | D:2      | Reached skill level 4 in Unarmed Combat
  1469 | D:2      | Reached XP level 4. HP: 36/41 MP: 4/4
  1796 | D:2      | Found a white marble altar of Elyvilon.
  1806 | D:2      | Found a blossoming altar of Fedhas.
  1807 | D:2      | Found a glowing silver altar of Zin.
  1807 | D:2      | Found an ancient bone altar of Kikubaaqudgha.
  1809 | D:2      | Found a radiant altar of Vehumet.
  1812 | D:2      | Found a shadowy altar of Dithmenos.
  1814 | D:2      | Found a deep blue altar of Sif Muna.
  2010 | D:3      | Reached skill level 5 in Unarmed Combat
  2162 | D:3      | Reached XP level 5. HP: 21/48 MP: 4/4
  2360 | D:3      | Slain by a gnoll

Action                   |  1- 3 |  4- 6 || total
-------------------------+-------+-------++-------
Melee: Unarmed           |   148 |   112 ||   260
  Eat: Chunk             |    15 |    12 ||    27
